 Dungeon Crawl Stone Soup version 0.22.1-6-g1668fe2 (webtiles) character file.

1251 Fang the Skirmisher (level 8, -2/52 HPs)
             Began as a Gargoyle Berserker on Feb 7, 2019.
             Was a Priest of Trog.
             Slain by gadel's ghost (7 damage)
             ... on level 6 of the Dungeon.
             The game lasted 00:06:18 (6520 turns).

Fang the Skirmisher (Gargoyle Berserker)            Turns: 6520, Time: 00:06:19

Health: -2/52      AC: 20    Str: 22    XL:     8   Next: 51%
Magic:  8/8        EV:  8    Int: 15    God:    Trog [***...]
Gold:   385        SH:  0    Dex:  9    Spells: 7/7 levels left

rFire    . . .     SeeInvis .   a - +0 hand axe
rCold    . . .     Gourm    .   (no shield)
rNeg     + . .     Faith    .   n - +1 plate armour
rPois    ∞         Spirit   .   (no helmet)
rElec    +         Reflect  .   r - +0 cloak "Karphus" {Int+3}
rCorr    .         Harm     .   (no gloves)
MR       .....                  (no boots)
Stlth    ..........             (no amulet)
HPRegen  0.17/turn              p - +3 ring of intelligence
MPRegen  0.11/turn              (no ring)

@: berserk cooldown, slowed, very slow
A: negative energy resistance 1, electricity resistance, unbreathing,
petrification resistance, rot immunity, AC +5
a: Berserk, Trog's Hand, Renounce Religion


You were on level 6 of the Dungeon.
You worshipped Trog.
Trog was most pleased with you.
You were very hungry.

You visited 1 branch of the dungeon, and saw 6 of its levels.

You collected 385 gold pieces.

Inventory:

Hand Weapons
 a - a +0 hand axe (weapon)
Armour
 n - a +1 plate armour (worn)
 r - the +0 cloak "Karphus" (worn) {Int+3}
   (You found it on level 5 of the Dungeon)

   It affects your intelligence (+3).
Jewellery
 p - a +3 ring of intelligence (left hand)
Wands
 b - a wand of digging (14)
 t - a wand of polymorph (7)
Scrolls
 d - a scroll of vulnerability {unknown}
 g - 5 scrolls of teleportation
 h - a scroll of remove curse
 j - 2 scrolls of fear
 s - a scroll of enchant weapon {unknown}
 v - a scroll of identify
 w - a scroll of magic mapping {unknown}
Potions
 e - 2 potions of curing
 f - 2 potions of brilliance
 i - 2 potions of haste {unknown}
 k - a potion of degeneration {unknown}
 l - a potion of ambrosia
 m - a potion of agility {unknown}
 o - 2 potions of berserk rage
 q - a potion of cancellation {unknown}
 u - 2 potions of heal wounds {unknown}
Comestibles
 c - 13 rations


   Skills:
 + Level 6.3 Fighting
 + Level 5.3 Axes
 + Level 5.8 Armour
 + Level 4.3 Dodging


You had 7 spell levels left.
You didn't know any spells.
Your spell library was empty.

Dungeon Overview and Level Annotations

Branches:
Dungeon (6/15)
 Temple: D:4-7

Altars:
Trog
The Shining One

Shops:
D:4 %   D:6 =

Annotations:
D:6 BubClark's ghost, novice OgBe; JBWHISE123's ghost, novice KoCj; SmSkdm's ghost, amateur FeCK; gadel's ghost, novice OpAs


Innate Abilities, Weirdness & Mutations

You are resistant to torment.
Your stone body is resilient. (AC +5)
You are immune to poison.
You resist negative energy. (rN+)
You are resistant to electric shocks. (rElec)
You can survive without breathing.
You are immune to petrification.
You are immune to rotting.


Message History

Gadel's ghost is lightly damaged.
You hit BubClark's ghost. You completely miss JBWHISE123's ghost.
Gadel's ghost hits you but does no damage.
JBWHISE123's ghost points at you and mumbles some strange words.
The magic dart hits you! BubClark's ghost hits you.
* * * LOW HITPOINT WARNING * * *
Gadel's ghost hits you.
* * * LOW HITPOINT WARNING * * *
x2 JBWHISE123's ghost casts a spell at you.
The magic dart hits you!
* * * LOW HITPOINT WARNING * * *
You closely miss gadel's ghost.
Gadel's ghost is lightly damaged.
You hit BubClark's ghost but do no damage.
You hit JBWHISE123's ghost but do no damage.
Your skin stops crawling.
You feel less resistant to hostile enchantments.
BubClark's ghost hits you but does no damage.
Gadel's ghost hits you!
You die...

#...###.........##.#######
###.# #...####.##......# #.#
##### ####..###.# #.# #######
#.....##.# #.# #....>#
#.#...##.### #.#
#.....###.#.........
##.###.........##........
###...##:....######.####...
#...#....W@.(.......# ####
#.#.####'WW########.#
#.###!...[W..(#####.# #.#
#8.......8##....# ##
####.###.........##.##.# #.
#......#(.......[#.....######.
#.##.#.##8.....8###.#####.....
#.##.#.###(P⌠P%##...# #......
#.##.....# ##### #..###.


You could see BubClark's ghost, JBWHISE123's ghost, SmSkdm's ghost and gadel's
ghost.

Vanquished Creatures
  Menkaure (D:6)
  A sky beast (D:6)
  A phantom (D:6)
  3 ogres
  2 centaurs (D:5)
  A scorpion (D:5)
  2 crimson imps
  2 orc priests (D:2)
  Jessica (D:2)
  An iguana (D:4)
  2 orc wizards
  4 worker ants
  A hound skeleton (D:2)
  4 adders
  An ooze (D:1)
  3 worms (D:2)
  2 dart slugs
  3 leopard geckos
  13 orcs
  4 bats
  6 giant cockroaches
  11 goblins
  6 hobgoblins
  6 jackals
  3 quokkas
  2 frilled lizards
  A jackal zombie (D:5)
  7 kobolds
  A quokka zombie (D:6)
  3 rats
98 creatures vanquished.

Notes
Turn   | Place    | Note
-------+----------+-------------------------------------------
     0 | D:1      | Fang the Gargoyle Berserker began the quest for the Orb.
     0 | D:1      | Reached XP level 1. HP: 14/14 MP: 1/1
   289 | D:1      | Reached XP level 2. HP: 18/19 MP: 2/2
   469 | D:1      | Reached XP level 3. HP: 16/23 MP: 3/3
   625 | D:1      | Reached ** piety under Trog
  1377 | D:2      | Noticed Jessica
  1386 | D:2      | Killed Jessica
  1386 | D:2      | Reached skill level 4 in Fighting
  1386 | D:2      | Reached XP level 4. HP: 16/29 MP: 4/4
  1927 | D:2      | Reached XP level 5. HP: 33/33 MP: 5/5
  3228 | D:3      | Reached XP level 6. HP: 31/39 MP: 6/6
  3232 | D:3      | Reached *** piety under Trog
  3656 | D:4      | Reached skill level 5 in Fighting
  3670 | D:4      | Reached XP level 7. HP: 42/44 MP: 7/7
  3923 | D:4      | Found Beukhanli's Food Boutique.
  3941 | D:5      | Entered Level 5 of the Dungeon
  4026 | D:5      | Found a bloodstained altar of Trog.
  4925 | D:5      | Found a bloodstained altar of Trog.
  4943 | D:5      | Reached skill level 5 in Armour
  5024 | D:5      | Reached XP level 8. HP: 37/51 MP: 8/8
  5191 | D:5      | Got a smoking cloak
  5197 | D:5      | Identified the +0 cloak "Karphus" {Int+3} (You found it on
                  | level 5 of the Dungeon)
  5422 | D:6      | Found Xiacioky's Jewellery Shop.
  5450 | D:6      | Found a glowing golden altar of the Shining One.
  5573 | D:6      | Reached skill level 5 in Axes
  5594 | D:6      | Reached skill level 6 in Fighting
  5661 | D:6      | Paralysed by fainting for 10 turns
  5671 | D:6      | Paralysed by fainting for 5 turns
  5812 | D:6      | Noticed Menkaure
  5818 | D:6      | Killed Menkaure
  6044 | D:6      | Found a runed gate.
  6044 | D:6      | Noticed SmSkdm's ghost (amateur FeCK)
  6045 | D:6      | Found a runed gate.
  6045 | D:6      | Found a runed gate.
  6045 | D:6      | Noticed BubClark's ghost (novice OgBe)
  6045 | D:6      | Noticed gadel's ghost (novice OpAs)
  6045 | D:6      | Noticed JBWHISE123's ghost (novice KoCj)
  6520 | D:6      | Slain by gadel's ghost

Skill      XL: |  1  2  3  4  5  6  7  8 |
---------------+-------------------------+-----
Axes           | 3 4 5 |  5.3
Dodging        | 2 3 4 |  4.3
Fighting       | 4 5 6 |  6.3
Armour         | 3 4 5 |  5.8

Action                   |  1- 3 |  4- 6 |  7- 9 || total
-------------------------+-------+-------+-------++-------
Melee: Hand axe          |   129 |   148 |   342 ||   619
Invok: Berserk           |     1 |     1 |     3 ||     5
       Trog's Hand       |       |       |     1 ||     1
  Use: Scroll            |       |     8 |     5 ||    13
  Eat: Chunk             |     2 |     9 |     8 ||    19
       Ration            |       |       |     1 ||     1
Armor: Animal skin       |    41 |       |       ||    41
       Ring mail         |    14 |    47 |    13 ||    74
       Plate armour      |       |       |   288 ||   288
Dodge: Dodged            |   117 |    89 |   140 ||   346
